[Event "FIDE Women's Grand Swiss 2023"]
[Site "Villa Marina, Douglas, Isle of Man, Isle Of Man"]
[Date "2023.10.28"]
[Round "4.1"]
[White "Muzychuk, Anna"]
[Black "Tan, Zhongyi"]
[Result "1/2-1/2"]
[TimeControl "40/90 + 30 + 30s/move"]
[WhiteFideId "14111330"]
[BlackFideId "8603642"]
[WhiteElo "2510"]
[BlackElo "2517"]

1. e4 c5 2. Nf3 d6 3. Bb5+ Nd7 4. O-O a6 5. Bd3 Ngf6 6. c3 b5 7. a4 c4 8. Be2 Bb7 9. axb5 axb5 10.
Rxa8 Bxa8 11. Na3 Qb8 12. d3 cxd3 13. Bxd3 Bxe4 14. Bxb5 e5 15. Re1 Qb7 16. Bg5 Bxf3 17. Qxf3 Qxf3 18.
gxf3 Ke7 19. f4 h6 20. Bxf6+ gxf6 21. Nc4 d5 22. Ne3 Nb6 23. Ra1 d4 24. cxd4 exd4 25. Nf5+ Ke6 26. Bd3 Bd6 27.
Re1+ Kd5 28. Be4+ Ke6 29. Bd3+ Kd5 30. Be4+ Ke6 31. Nxd4+ Kd7 32. Bf5+ Kd8 33. Rd1 Bb8 34. b4 Kc7 35.
Rc1+ Kd6 36. Be4 Rc8 37. Nc6 f5 38. Rd1+ Kc7 39. Bf3 Rg8+ 40. Kf1 Re8 41. Nd4 Kc8 42. Nxf5 Re6 43. Rc1+ Kd7 44.
Rd1+ Kc8 45. Ne3 Rd6 46. Rc1+ Kd8 47. b5 Rf6 48. f5 Bxh2 49. Ng4 Bf4 50. Rd1+ Rd6 51. Rxd6+ Bxd6 52. Nxh6 Ke7 53.
Bh5 Kf6 54. Nxf7 Bc7 55. Bg6 Nc4 56. Nh6 Nd6 57. f4 Nxb5 58. Ng4+ Kg7 59. Be8 Nd6 60. f6+ Kf8 61. Bg6 Nf7 62.
f5 Ne5 63. Nf2 Bd8 64. Ne4 Nxg6 65. fxg6 Bxf6 66. Nxf6 Kg7 67. Ne4 Kxg6 1/2-1/2

[Event "FIDE Women's Grand Swiss 2023"]
[Site "Villa Marina, Douglas, Isle of Man, Isle Of Man"]
[Date "2023.10.28"]
[Round "4.2"]
[White "Assaubayeva, Bibisara"]
[Black "Paehtz, Elisabeth"]
[Result "1-0"]
[TimeControl "40/90 + 30 + 30s/move"]
[WhiteFideId "13708694"]
[BlackFideId "4641833"]
[WhiteElo "2469"]
[BlackElo "2484"]

1. Nf3 d5 2. g3 c6 3. c4 Nf6 4. Bg2 g6 5. Qa4 Nbd7 6. cxd5 cxd5 7. O-O Bg7 8. Nc3 O-O 9. d4 a6 10.
Qb3 e6 11. a4 Nb8 12. Ne5 Nfd7 13. Nxd7 Bxd7 14. e4 dxe4 15. Nxe4 Bc6 16. Rd1 Bd5 17. Qa3 Qb6 18. Bg5 Bxe4 19.
Bxe4 Nc6 20. d5 exd5 21. Bxd5 a5 22. Be3 Qb4 23. Qa2 Nd4 24. Rd2 Nf5 25. Bf4 h6 26. Rad1 g5 27. Qb1 gxf4 28.
Qxf5 fxg3 29. hxg3 Rae8 30. b3 Re5 31. Qf3 b6 32. Bc4 Kh8 33. Kg2 Qe7 34. Rd7 Qf6 35. Qxf6 Bxf6 36. R1d6 Kg7 37.
Rxb6 Rf5 38. Rb5 Rxb5 39. axb5 Bd8 40. Bxf7 Rxf7 41. Rxd8 Rf5 42. Rb8 Rc5 43. f4 h5 44. b6 Rb5 45. b7 Rxb3 46. f5 1-0

[Event "FIDE Women's Grand Swiss 2023"]
[Site "Villa Marina, Douglas, Isle of Man, Isle Of Man"]
[Date "2023.10.28"]
[Round "4.3"]
[White "Muzychuk, Mariya"]
[Black "Vaishali, Rameshbabu"]
[Result "0-1"]
[TimeControl "40/90 + 30 + 30s/move"]
[WhiteFideId "14114550"]
[BlackFideId "5091756"]
[WhiteElo "2519"]
[BlackElo "2448"]

1. e4 c5 2. Nf3 Nc6 3. Bb5 g6 4. Bxc6 bxc6 5. O-O Bg7 6. Re1 Qc7 7. c3 d6 8. h3 Nf6 9. d4 cxd4 10.
cxd4 O-O 11. Nc3 c5 12. e5 dxe5 13. dxe5 Rd8 14. Qa4 Nh5 15. Qh4 Bb7 16. e6 f5 17. Bg5 Bxf3 18. gxf3 Qb7 19.
Ne2 Qxf3 20. Bxe7 Rd2 21. Bxc5 Rxe2 22. Qc4 Ng3 23. e7+ Kh8 0-1

[Event "FIDE Women's Grand Swiss 2023"]
[Site "Villa Marina, Douglas, Isle of Man, Isle Of Man"]
[Date "2023.10.28"]
[Round "4.4"]
[White "Fataliyeva, Ulviyya"]
[Black "Goryachkina, Aleksandra"]
[Result "0-1"]
[TimeControl "40/90 + 30 + 30s/move"]
[WhiteFideId "13403052"]
[BlackFideId "4147103"]
[WhiteElo "2393"]
[BlackElo "2558"]

1. e4 e5 2. Nf3 Nc6 3. Bb5 Nf6 4. O-O Nxe4 5. Re1 Nd6 6. Nxe5 Be7 7. Bf1 Nxe5 8. Rxe5 O-O 9. d4 Bf6 10.
Re1 Re8 11. Nc3 Rxe1 12. Qxe1 Bxd4 13. Bf4 Ne8 14. Nd5 d6 15. Bg5 f6 16. Bh4 g5 17. Qe4 Bxb2 18. Re1 Be5 19. f4 gxh4 20.
fxe5 dxe5 21. Bd3 Kf8 22. Ne3 Qe7 23. Qxh4 f5 24. Qf2 Nd6 25. Nd5 Qg7 26. Qh4 Be6 27. Nxc7 Qxc7 28. Qh6+ Ke7 29.
Rxe5 Qb6+ 30. Kf1 Nf7 31. Qg7 Qd6 32. Re2 Qf4+ 33. Ke1 Rd8 34. Qxh7 Kf6 35. g3 Qb4+ 36. Kf1 Rh8 37. Rxe6+ Kxe6 38.
Qxf5+ Ke7 39. h4 Rh6 40. Kg2 Qd4 41. Qa5 Rd6 42. Qc7+ Rd7 43. Qc8 Qd5+ 44. Kg1 Ne5 45. Be2 Qd4+ 46.
Kf1 Qe3 47. Qg8 Rd6 48. Qg7+ Nf7 49. Qg4 Rf6+ 50. Ke1 Rb6 0-1

[Event "FIDE Women's Grand Swiss 2023"]
[Site "Villa Marina, Douglas, Isle of Man, Isle Of Man"]
[Date "2023.10.28"]
[Round "4.5"]
[White "Kamalidenova, Meruert"]
[Black "Shuvalova, Polina"]
[Result "1-0"]
[TimeControl "40/90 + 30 + 30s/move"]
[WhiteFideId "13712802"]
[BlackFideId "24171760"]
[WhiteElo "2351"]
[BlackElo "2506"]

1. e4 e5 2. Nf3 Nc6 3. Bb5 a6 4. Ba4 Nf6 5. O-O Be7 6. d3 b5 7. Bb3 d6 8. c3 O-O 9. h3 h6 10.
Re1 Re8 11. Nbd2 Bf8 12. Nf1 Na5 13. Bc2 c5 14. Ng3 Bb7 15. d4 exd4 16. cxd4 cxd4 17. Nxd4 Rc8 18. b3 d5 19. e5 Ne4 20.
Ngf5 Rxe5 21. Bf4 Re8 22. Qg4 Kh8 23. f3 Nf6 24. Rxe8 Nxe8 25. Re1 Nf6 26. Qh4 Qb6 27. Kh1 Ng8 28.
Be5 f6 29. Bg3 Nc6 30. Qg4 Ne5 31. Rxe5 fxe5 32. Bxe5 Nf6 33. Qg6 Rxc2 34. Nxc2 Bc8 35. Nxh6 Nd7 36. Qxb6 Nxb6 37. Bd4 Nd7 38.
Ne3 Bc5 39. Nhf5 Kh7 40. Kg1 g6 41. Bxc5 gxf5 42. Bd4 Nf8 43. Nxd5 Ne6 44. Bb6 Bb7 45. Ne3 f4 46. Ng4 Kg6 47.
Kf2 Kh5 48. Ba7 Kg5 49. Bb8 a5 50. a3 b4 51. axb4 axb4 52. Bd6 Bd5 53. Bxb4 Bxb3 54. g3 fxg3+ 55. Kxg3 Ng7 56. Bd2+ Kf5 57.
Bc3 Nh5+ 58. Kh4 Nf4 59. Ba5 Ba4 60. Bc7 Ne6 61. Ne3+ Kf6 62. Ba5 Kg6 63. Bc3 Bc6 64. Kg4 Bd7 65.
Kg3 Ng5 66. h4 Nf7 67. Ng4 Kf5 68. h5 Bc6 69. f4 Be8 70. h6 Kg6 71. h7 Kxh7 72. Nf6+ Kg6 73. Nxe8 Kf5 74. Ng7+ Kg6 75.
Kf3 Nd6 76. Kg4 Kf7 77. Nf5 Ne4 78. Bd4 Ke6 79. Ne3 Kf7 80. f5 Nd6 81. Nd5 Ke8 82. Kf4 Nxf5 83. Kxf5 Kd7 84. Nb4 Kd6 85.
Bb6 Kd7 86. Ke5 Ke7 87. Nc6+ Kd7 88. Kd5 Kc8 89. Be3 Kb7 90. Kd6 Ka8 91. Nd8 Kb8 92. Kc6 Ka8 93. Ne6 Kb8 94. Nc7 Kc8 95.
Ba7 Kd8 96. Nd5 Kc8 97. Ne7+ Kd8 98. Kd6 Ke8 99. Ke6 Kd8 100. Bb6+ Ke8 101. Nf5 Kf8 102. Bd8 Ke8 103. Bf6 Kf8 104.
Nd6 Kg8 105. Bg5 Kg7 106. Kf5 Kf8 107. Kg6 Kg8 108. Bh6 Kh8 109. Nf5 1-0

[Event "FIDE Women's Grand Swiss 2023"]
[Site "Villa Marina, Douglas, Isle of Man, Isle Of Man"]
[Date "2023.10.28"]
[Round "4.6"]
[White "Efroimski, Marsel"]
[Black "Bulmaga, Irina"]
[Result "1/2-1/2"]
[TimeControl "40/90 + 30 + 30s/move"]
[WhiteFideId "2810964"]
[BlackFideId "13903063"]
[WhiteElo "2447"]
[BlackElo "2423"]

1. c4 e6 2. g3 Nf6 3. Bg2 d5 4.
Nf3 dxc4 5. Qa4+ Bd7 6. Qxc4 c5 7. Ne5 Qc8 8. a4 Nc6 9. Nxd7 Qxd7 10. a5 Rc8 11. Nc3 Be7 12. d3 O-O 13.
O-O h6 14. Bd2 Rfd8 15. a6 b6 16. Qa4 Nd5 17. Nxd5 exd5 18. e3 Bf6 19. Rab1 Rb8 20. Qb5 Ne5 21. Qxd7 Rxd7 22. d4 cxd4 23.
exd4 Nc6 24. Be3 Nxd4 25. Bxd4 Bxd4 26. Rfd1 Bf6 27. Rxd5 Rxd5 28. Bxd5 Rd8 29. Rd1 Kf8 30. b4 b5 31.
Bf3 Rxd1+ 1/2-1/2

[Event "FIDE Women's Grand Swiss 2023"]
[Site "Villa Marina, Douglas, Isle of Man, Isle Of Man"]
[Date "2023.10.28"]
[Round "4.7"]
[White "Javakhishvili, Lela"]
[Black "Tsolakidou, Stavroula"]
[Result "1/2-1/2"]
[TimeControl "40/90 + 30 + 30s/move"]
[WhiteFideId "13601458"]
[BlackFideId "4264312"]
[WhiteElo "2437"]
[BlackElo "2385"]

1. d4 Nf6 2. Nf3 g6 3. Nbd2 Bg7 4. e4 O-O 5. Bd3 d6 6. O-O c5 7. c3 cxd4 8. cxd4 Nc6 9. a3 Nd7 10.
Nb3 a5 11. Be3 a4 12. Nc1 Nb6 13. h3 f5 14. exf5 Bxf5 15. Bxf5 Rxf5 16. Ne2 Nd5 17. Ng3 Rf8 18. Qd3 Qd7 19.
Rae1 Rxf3 20. gxf3 Qxh3 21. Rd1 Nxd4 22. Qe4 Nxe3 23. Qxe3 e5 24. Qe4 Rf8 25. Rd3 Qd7 26. Qd5+ Kh8 27.
Kg2 Ne6 28. Ne2 Qe7 29. Rg1 Rd8 30. Kf1 Nc5 31. Re3 Qd7 32. Rg4 Rf8 33. Kg2 b6 34. Rb4 Qc7 35. Rg4 Qd7 1/2-1/2

[Event "FIDE Women's Grand Swiss 2023"]
[Site "Villa Marina, Douglas, Isle of Man, Isle Of Man"]
[Date "2023.10.28"]
[Round "4.8"]
[White "Roebers, Eline"]
[Black "Injac, Teodora"]
[Result "0-1"]
[TimeControl "40/90 + 30 + 30s/move"]
[WhiteFideId "1058401"]
[BlackFideId "932400"]
[WhiteElo "2390"]
[BlackElo "2426"]

1. e4 e5 2. Nf3 Nc6 3. Bb5 Nf6 4.
d3 Bc5 5. O-O Nd4 6. Nxd4 Bxd4 7. c3 Bb6 8. Ba4 c6 9. Na3 d6 10. Bc2 h6 11. Nc4 Bc7 12. f4 Be6 13. fxe5 dxe5 14.
Ne3 Qd7 15. a4 a5 16. Nf5 Bxf5 17. Rxf5 Bb6+ 18. Kh1 O-O-O 19. Qf3 Rde8 20. Rb1 h5 21. Be3 Bxe3 22. Qxe3 Kb8 23. Qc5 Nd5 24.
Rf3 Nf4 25. b4 axb4 26. Rxb4 Qe7 27. Qg1 Rh6 28. Qf1 h4 29. a5 c5 30. Rb5 g5 31. d4 g4 32. Rxf4 exf4 33. Qxf4+ Qd6 34.
e5 Rf6 35. Qc1 Qa6 36. c4 Rf2 37. Be4 Re7 38. dxc5 Rxe5 39. Kg1 Rxe4 40. Kxf2 Qf6+ 41. Kg1 Re2 42. Qf1 Qd4+ 43. Kh1 Qe4 44.
a6 h3 0-1

[Event "FIDE Women's Grand Swiss 2023"]
[Site "Villa Marina, Douglas, Isle of Man, Isle Of Man"]
[Date "2023.10.28"]
[Round "4.9"]
[White "Stefanova, Antoaneta"]
[Black "Guichard, Pauline"]
[Result "1-0"]
[TimeControl "40/90 + 30 + 30s/move"]
[WhiteFideId "2902257"]
[BlackFideId "639370"]
[WhiteElo "2424"]
[BlackElo "2358"]

1. d4 Nf6 2. c4 e6 3. Nf3 d5 4. Nc3 dxc4 5. e4 Bb4 6. Bxc4 Nxe4 7. O-O Nxc3 8. bxc3 Be7 9. Qc2 Nd7 10.
Rd1 O-O 11. Bd3 h6 12. Qe2 Rb8 13. Qe4 Nf6 14. Qh4 Nh7 15. Qg3 Bd6 16. Ne5 f5 17. Bxh6 Bxe5 18. dxe5 Qe7 19. Bc4 Kh8 20.
Be3 g5 21. f4 gxf4 22. Qxf4 b5 23. Bb3 Rg8 24. Qh6 a5 25. Rd4 a4 26. Bc2 Bb7 27. g3 Rg7 28. Rad1 Rbg8 29. Rd7 Qe8 30.
Qxg7+ Rxg7 31. Rd8 Qxd8 32. Rxd8+ Rg8 33. Rd7 Rg7 34. Rd8+ Rg8 35. Rd4 Bc6 36. a3 Rb8 37. Rh4 Kg7 38.
Kf2 Nf8 39. Bh6+ Kg8 40. Bxf8 Rxf8 41. Ke3 Rd8 42. Rd4 Bd5 43. Bd3 c5 44. Rf4 Bc6 45. g4 fxg4 46. Rxg4+ Kf7 47. h4 Rb8 48. h5 b4 49. cxb4 cxb4 50.
axb4 a3 51. h6 Rh8 52. h7 a2 53. Rg1 Bd5 54. Kd4 Rc8 55. b5 Bb3 56. Bg6+ Ke7 57. Bc2 Bxc2 58. Rg7+ 1-0

[Event "FIDE Women's Grand Swiss 2023"]
[Site "Villa Marina, Douglas, Isle of Man, Isle Of Man"]
[Date "2023.10.28"]
[Round "4.10"]
[White "Dronavalli, Harika"]
[Black "Munguntuul, Batkhuyag"]
[Result "0-1"]
[TimeControl "40/90 + 30 + 30s/move"]
[WhiteFideId "5015197"]
[BlackFideId "4900758"]
[WhiteElo "2502"]
[BlackElo "2366"]

1. d4 d5 2. c4 c6 3. Nf3 Nf6 4. Nc3 e6 5. Bg5 h6 6. Bh4 dxc4 7. e4 g5 8. Bg3 b5 9. h4 g4 10.
Ne5 Nbd7 11. Be2 Nxe5 12. Bxe5 Rg8 13. Qc2 Bb7 14. Rd1 Be7 15. Qc1 h5 16. Qe3 a6 17. b3 Nd7 18. Bg3 cxb3 19.
axb3 c5 20. O-O Bxh4 21. dxc5 Bxg3 22. fxg3 Qg5 23. Qxg5 Rxg5 24. Rxf7 Bc6 25. Rh7 Rxc5 26. Rh8+ Nf8 27. Rf1 Ke7 28.
Rc1 Kf7 29. b4 Re5 30. Nd1 Rc8 31. Nf2 Kg7 32. Nd3 Rxe4 33. Rxh5 Rxe2 34. Nf4 Re4 35. Rf1 Nh7 36. Ra1 Bb7 37.
Rd1 Nf6 38. Rg5+ Kf7 39. Rf1 Rh8 40.
Rc5 Rc4 41. Rg5 Rc2 42. Re5 Rd8 43. Rfe1 Rd6 44. Kh2 Bd5 45. Rf1 Rb2 46. Rg5 Bc4 47. Re1 Rdd2 48. Rc5 Nd5 49. Re4 Nxf4 50.
Rxf4+ Ke7 0-1

[Event "FIDE Women's Grand Swiss 2023"]
[Site "Villa Marina, Douglas, Isle of Man, Isle Of Man"]
[Date "2023.10.28"]
[Round "4.11"]
[White "Garifullina, Leya"]
[Black "Kosteniuk, Alexandra"]
[Result "1-0"]
[TimeControl "40/90 + 30 + 30s/move"]
[WhiteFideId "34127035"]
[BlackFideId "4128125"]
[WhiteElo "2402"]
[BlackElo "2523"]

1. d4 Nf6 2. c4 e6 3. g3 d5 4. Bg2 Bb4+ 5. Bd2 a5 6. Nf3 O-O 7. Qc2 Nbd7 8. O-O Be7 9. b3 Ne4 10.
Be3 c6 11. Nc3 f5 12. Rad1 Nxc3 13. Qxc3 b5 14. cxd5 cxd5 15. Qc6 Ra6 16. Qxb5 Rb6 17. Qxa5 Bb4 18. Qa4 Bd6 19. Bd2 Nf6 20.
b4 Ba6 21. Rfe1 Ne4 22. a3 f4 23. Ne5 fxg3 24. fxg3 Bb5 25. Qb3 Bxe5 26. dxe5 Nxd2 27. Rxd2 Qg5 28. Rdd1 Qxe5 29. e4 d4 30.
a4 Bd7 31. b5 Rd6 32. Rd3 Rc8 33. Red1 Qc5 34. Qa3 e5 35. Qxc5 Rxc5 36. Rb3 Be6 37. Rbb1 d3 38. Bf1 Bc4 39. Kf2 Ba2 40. Rb4 d2 41.
Rb2 Rc1 42. Rdxd2 Rf6+ 43. Kg2 Be6 44. Rf2 Bc8 45. Rxf6 gxf6 46. a5 Bb7 47. a6 1-0

[Event "FIDE Women's Grand Swiss 2023"]
[Site "Villa Marina, Douglas, Isle of Man, Isle Of Man"]
[Date "2023.10.28"]
[Round "4.13"]
[White "Mammadzada, Gunay"]
[Black "Savitha, Shri B"]
[Result "1/2-1/2"]
[TimeControl "40/90 + 30 + 30s/move"]
[WhiteFideId "13403729"]
[BlackFideId "35061887"]
[WhiteElo "2441"]
[BlackElo "2375"]

1. Nf3 Nf6 2. c4 g6 3. Nc3 c5 4. d4 cxd4 5. Nxd4 Bg7 6. e4 d6 7. Be2 O-O 8. O-O Nc6 9. Be3 Bd7 10.
Qd2 Ng4 11. Nxc6 bxc6 12. Bxg4 Bxg4 13. Bh6 Bxh6 14. Qxh6 Qb6 15. Qd2 Rad8 16. Kh1 Bc8 17. f4 e6 18. Rad1 d5 19. cxd5 exd5 20.
e5 Bf5 21. Na4 Qb5 22. b3 f6 23. exf6 Rxf6 24. Rfe1 Rdf8 25. h3 Bc8 26. Qd4 Rxf4 27. Qxa7 Rf1+ 28. Rxf1 Rxf1+ 29. Rxf1 Qxf1+ 30. Qg1 Qd3 31. Qb6 Qf1+ 32. Kh2 Qf4+ 33. Kg1 Qc1+ 34. Kh2 1/2-1/2

[Event "FIDE Women's Grand Swiss 2023"]
[Site "Villa Marina, Douglas, Isle of Man, Isle Of Man"]
[Date "2023.10.28"]
[Round "4.14"]
[White "Sandu, Mihaela"]
[Black "Gunina, Valentina"]
[Result "0-1"]
[TimeControl "40/90 + 30 + 30s/move"]
[WhiteFideId "1204327"]
[BlackFideId "4167570"]
[WhiteElo "2298"]
[BlackElo "2439"]

1. e4 c6 2. d4 d5 3. e5 c5 4. dxc5 e6 5. c3 Nd7 6. b4 a5 7. Bb5 Ne7 8. Nf3 Nc6 9. c4 dxc4 10.
Nbd2 axb4 11. Nxc4 Bxc5 12. O-O O-O 13. Qe2 Na7 14. Ba4 h6 15. Rd1 b5 16. Bc2 bxc4 17. Bxh6 Bb7 18. Qxc4 Bxf3 19.
gxf3 gxh6 20. Kh1 Kh8 21. Rg1 Rg8 22. Qf4 Qf8 23. Rxg8+ Kxg8 24. Rd1 Rd8 25. Qg3+ Kh8 26. Qf4 Nb5 27.
Qe4 f5 28. Qc6 Nd4 0-1

[Event "FIDE Women's Grand Swiss 2023"]
[Site "Villa Marina, Douglas, Isle of Man, Isle Of Man"]
[Date "2023.10.28"]
[Round "4.15"]
[White "Ushenina, Anna"]
[Black "Hoang, Thanh Trang"]
[Result "1/2-1/2"]
[TimeControl "40/90 + 30 + 30s/move"]
[WhiteFideId "14110911"]
[BlackFideId "12400149"]
[WhiteElo "2434"]
[BlackElo "2398"]

1. d4 d5 2. c4 e6 3. Nf3 a6 4. Bg5 Be7 5. Bxe7 Qxe7 6. Nbd2 Nf6 7. g3 O-O 8. Bg2 b6 9. O-O Bb7 10.
Rc1 c5 11. cxd5 exd5 12. Qb3 Qc7 13. dxc5 bxc5 14. Qa3 Nbd7 15. Nb3 c4 16. Nbd4 Qb6 17. b3 Rac8 18. Nf5 Rc7 19. bxc4 dxc4 20.
Rfd1 Qc5 21. Qxc5 Rxc5 22. Nd6 Bxf3 23. Bxf3 Ne5 24. Bb7 c3 25. f4 Nc6 26. Rd3 c2 27. Rd2 Rd8 28. Rdxc2 Rxc2 29.
Rxc2 Nd4 30. Rc7 h6 31. Nxf7 Nxe2+ 32. Kf1 Rd2 33. Bxa6 Nd4 34. Ne5 Kf8 35. Bb7 Rxa2 36. Rc8+ Ke7 37.
Nc6+ Nxc6 38. Rxc6 Rxh2 39. Rc7+ Kf8 40. Bg2 Rh5 41. Rc8+ Kf7 42. Rc7+ Kf8 43. Rc8+ Kf7 44. Rc7+ 1/2-1/2

[Event "FIDE Women's Grand Swiss 2023"]
[Site "Villa Marina, Douglas, Isle of Man, Isle Of Man"]
[Date "2023.10.28"]
[Round "4.16"]
[White "Beydullayeva, Govhar"]
[Black "Cramling, Pia"]
[Result "1-0"]
[TimeControl "40/90 + 30 + 30s/move"]
[WhiteFideId "13413015"]
[BlackFideId "1700030"]
[WhiteElo "2383"]
[BlackElo "2446"]

1. d4 Nf6 2. c4 e6 3. Nf3 Bb4+ 4. Nbd2 b6 5. a3 Bxd2+ 6. Qxd2 O-O 7. e3 d5 8. Bd3 dxc4 9. Bxc4 Bb7 10.
O-O Nbd7 11. b4 c5 12. Bb2 Qe7 13. Qe2 Rac8 14. Rfc1 Rfd8 15. Ba6 Bxa6 16. Qxa6 Nb8 17. Qc4 Nbd7 18.
Qa6 Nb8 19. Qc4 Nbd7 20. dxc5 bxc5 21. Qa6 Nb8 22. Qc4 Nbd7 23. b5 Nd5 24. a4 Nb4 25. a5 e5 26. e4 h6 27. Bc3 Qf8 28.
h3 Kh7 29. Rab1 f6 30. Ne1 Nb8 31. Rd1 Rxd1 32. Rxd1 a6 33. b6 N4c6 34. Rc1 Qd6 35. Nd3 Nd8 36. f4 exf4 37. e5 fxe5 38. Bxe5 Qe7 39. Qxf4 Ne6 40.
Qe4+ Kh8 41. Bxb8 Rxb8 42. Ne5 Nf8 43. Rf1 Kg8 44. Qd5+ Kh7 45. Qd3+ 1-0

[Event "FIDE Women's Grand Swiss 2023"]
[Site "Villa Marina, Douglas, Isle of Man, Isle Of Man"]
[Date "2023.10.28"]
[Round "4.17"]
[White "Wagner, Dinara"]
[Black "Mkrtchyan, Mariam"]
[Result "1/2-1/2"]
[TimeControl "40/90 + 30 + 30s/move"]
[WhiteFideId "24157570"]
[BlackFideId "13310828"]
[WhiteElo "2461"]
[BlackElo "2343"]

1. d4 d5 2. c4 e6 3. Nf3 Nf6 4. Nc3 Nbd7 5. cxd5 exd5 6. Qc2 c6 7. Bg5 Be7 8. e3 O-O 9. Bd3 Re8 10.
O-O h6 11. Bf4 Nf8 12. h3 Ne6 13. Bh2 Bd6 14. Be5 Ng5 15. Nxg5 hxg5 16. f4 g4 17. hxg4 Nxg4 18. Rf3 f6 19.
Bh7+ Kh8 20. Bxd6 Qxd6 21. Re1 Bd7 22. Bg6 Re7 23. Rh3+ Nh6 24. f5 Be8 25. Bxe8 Raxe8 26. Qf2 Kg8 27.
Qf3 b5 28. Re2 Qd7 29. Rh5 Qd6 30. Rh3 Qd7 31. Rh5 Qd6 1/2-1/2

[Event "FIDE Women's Grand Swiss 2023"]
[Site "Villa Marina, Douglas, Isle of Man, Isle Of Man"]
[Date "2023.10.28"]
[Round "4.18"]
[White "Danielian, Elina"]
[Black "Socko, Monika"]
[Result "0-1"]
[TimeControl "40/90 + 30 + 30s/move"]
[WhiteFideId "13300210"]
[BlackFideId "1106619"]
[WhiteElo "2416"]
[BlackElo "2380"]

1. d4 Nf6 2. c4 e6 3. Nc3 Bb4 4. e3 O-O 5. Bd2 d5 6. Nf3 Nbd7 7. Rc1 c6 8. Bd3 dxc4 9. Bxc4 Qe7 10.
O-O e5 11. Qc2 Bd6 12. Bd3 Re8 13. dxe5 Nxe5 14. Nxe5 Qxe5 15. f4 Qh5 16. h3 Bd7 17. Rf3 Rad8 18. a3 Bc7 19. b4 Bc8 20.
Be1 Be6 21. e4 Qh6 22. e5 Bb6+ 23. Bf2 Bd5 24. Bxb6 axb6 25. Nxd5 Nxd5 26. Rcf1 b5 27. Qc5 Qe6 28. Bb1 g6 29. h4 Qg4 30. Qf2 Ne7 31. f5 Qd4 32. Qxd4 Rxd4 33. fxg6 Nxg6 34. Rxf7 Rxe5 35. Rxb7 Rxh4 36.
Ba2+ Kh8 37. Rd1 Re8 38. Rc7 Nf4 39.
Bb1 Ne2+ 40. Kf2 Rf4+ 41. Ke1 Nc3+ 42. Kd2 Nxd1 43. Kxd1 Rf1+ 44. Kc2 Ree1 0-1

[Event "FIDE Women's Grand Swiss 2023"]
[Site "Villa Marina, Douglas, Isle of Man, Isle Of Man"]
[Date "2023.10.28"]
[Round "4.19"]
[White "Kiolbasa, Oliwia"]
[Black "Divya, Deshmukh"]
[Result "1/2-1/2"]
[TimeControl "40/90 + 30 + 30s/move"]
[WhiteFideId "1154613"]
[BlackFideId "35006916"]
[WhiteElo "2375"]
[BlackElo "2408"]

1. e4 e5 2. Nf3 Nc6 3. Bc4 Bc5 4. d3 Nf6 5. Nc3 h6 6. Be3 Bb6 7. a4 d6 8. O-O O-O 9. h3 Be6 10.
Nd2 Ne7 11. a5 Bxe3 12. fxe3 c6 13. Bxe6 fxe6 14. d4 Ng6 15. Nc4 exd4 16. exd4 d5 17. exd5 cxd5 18. Ne5 Nxe5 19. dxe5 Nd7 20.
Rxf8+ Qxf8 21. Qd4 Rc8 22. Nxd5 Qc5 23.
Qxc5 Rxc5 24. Nb4 Nxe5 25. a6 b6 26. Rd1 Rc8 27. Re1 Nc6 28. Nd3 Kf7 29. Re4 Nb8 30. Nb4 Rc5 31. c3 Ke7 32.
Kf2 Nc6 33. Nxc6+ Rxc6 34. Rg4 g5 35. h4 Rc5 36. hxg5 hxg5 37. b4 Rxc3 38. Rxg5 Kf6 39. Rh5 Kg6 40. Re5 Kf6 41. Rh5 1/2-1/2

[Event "FIDE Women's Grand Swiss 2023"]
[Site "Villa Marina, Douglas, Isle of Man, Isle Of Man"]
[Date "2023.10.28"]
[Round "4.20"]
[White "Cori T., Deysi"]
[Black "Matnadze Bujiashvili, Ann"]
[Result "1-0"]
[TimeControl "40/90 + 30 + 30s/move"]
[WhiteFideId "3801934"]
[BlackFideId "13601377"]
[WhiteElo "2367"]
[BlackElo "2400"]

1. d4 Nf6 2. c4 e6 3. g3 d5 4. Bg2 Bb4+ 5. Nd2 O-O 6. Ngf3 a5 7. O-O b6 8. Ne5 Bb7 9. Qc2 Be7 10.
Rd1 Qc8 11. cxd5 exd5 12. Ndf3 c5 13. Bg5 Na6 14. a3 Re8 15. Rac1 Ne4 16. Bxe7 Rxe7 17. dxc5 bxc5 18. Nd3 Qe8 19.
Nd2 Nf6 20. Nxc5 Rc8 21. b4 Rxe2 22. Bf3 Re7 23. Qb2 axb4 24. axb4 Nxc5 25. bxc5 Ne4 26. Qd4 Ng5 27. Bg2 Ne6 28.
Qb4 Bc6 29. Nf3 h6 30. Nh4 Rb7 31. Qg4 Qf8 32. Nf5 h5 33. Qxh5 Nxc5 34. Nxg7 Nb3 35. Nf5 Nxc1 36. Rd4 Ne2+ 37.
Qxe2 Rb1+ 38. Bf1 Qc5 39.
Qe5 f6 40. Qxf6 Rxf1+ 41. Kxf1 1-0

[Event "FIDE Women's Grand Swiss 2023"]
[Site "Villa Marina, Douglas, Isle of Man, Isle Of Man"]
[Date "2023.10.28"]
[Round "4.21"]
[White "Narva, Mai"]
[Black "Arakhamia-Grant, Ketevan"]
[Result "1-0"]
[TimeControl "40/90 + 30 + 30s/move"]
[WhiteFideId "4500512"]
[BlackFideId "13600168"]
[WhiteElo "2399"]
[BlackElo "2297"]

1. e4 c5 2. Nf3 g6 3. d4 cxd4 4. Nxd4 Nc6 5. c4 Nf6 6. Nc3 Nxd4 7. Qxd4 d6 8. Bg5 Bg7 9. Be2 O-O 10.
Qd2 a5 11. O-O a4 12. Rab1 Bd7 13. c5 dxc5 14. e5 Ng4 15. Bxg4 Bxg4 16. Qxd8 Rfxd8 17. Bxe7 Rd2 18. Ne4 Re2 19. Nf6+ Bxf6 20. Bxf6 c4 21.
a3 Bf5 22. Rfe1 Rxe1+ 23. Rxe1 Kf8 24. Rd1 Bd3 25. g4 Ke8 26. f4 Kd7 27. Kf2 Ke6 28. h4 Ra5 29. Ke3 Rb5 30. Rd2 Rb3 31.
Kd4 b6 32. Rf2 Rb5 33. h5 Rd5+ 34. Kc3 b5 35. Rh2 Rd7 36. Kb4 Kd5 37. Rh3 Ke4 38. hxg6 hxg6 39. Rh7 Kd5 40. Rh8 Be2 41.
f5 gxf5 42. gxf5 Bd3 43. Rh5 Rb7 44. Bg7 Rc7 45. e6 fxe6 46. f6+ Bf5 47. Kxb5 Rb7+ 48. Kxa4 Kc6 49. Rh4 Bd3 50. Rh8 e5 51.
Rc8+ Kd5 52. Re8 e4 53. Re7 Rxb2 54. f7 Rf2 55. f8=Q Rxf8 56. Bxf8 1-0

[Event "FIDE Women's Grand Swiss 2023"]
[Site "Villa Marina, Douglas, Isle of Man, Isle Of Man"]
[Date "2023.10.28"]
[Round "4.22"]
[White "Aulia, Medina Warda"]
[Black "Tania, Sachdev"]
[Result "1-0"]
[TimeControl "40/90 + 30 + 30s/move"]
[WhiteFideId "7101570"]
[BlackFideId "5007844"]
[WhiteElo "2362"]
[BlackElo "2389"]

1. e4 e5 2. Nf3 Nc6 3. Bc4 Nf6 4. d3 Bc5 5. c3 d6 6. Nbd2 O-O 7. O-O a5 8. h3 Bd7 9. Re1 a4 10.
a3 Qb8 11. Nf1 b5 12. Ba2 Qa7 13. Be3 Bxe3 14. Nxe3 Ne7 15. d4 Ng6 16. dxe5 dxe5 17. Nd5 Rad8 18. Nxf6+ gxf6 19. Nh2 Bxh3 20.
Qf3 Be6 21. Qxf6 Qb6 22. Qg5 Bxa2 23. Rxa2 f6 24. Qh6 Rd7 25. Raa1 Rg7 26. Ng4 Nf4 27. Ne3 Kh8 28. Rad1 Rfg8 29. g3 Rg6 30. Qh1 Rg5 31. Qf3 Qc6 32.
Kf1 Nh5 33. Nf5 Qe6 34. Rd3 Ng7 35. Nxg7 R5xg7 36. Red1 Qh3+ 37. Ke2 Qe6 38. Rd5 Rg5 39. Rxb5 f5 40. Rbd5 c6 41. Rd6 Qb3 42.
R1d2 Rf8 43. Rd8 Rxd8 44. Rxd8+ Kg7 45. Rd2 Qf7 46. exf5 Rxf5 47. Qg4+ Kf8 48. Rd8+ Ke7 49. Qh4+ Rf6 50.
Rb8 Kd6 51. Qb4+ Ke6 52. Qc4+ Kd6 53. Rd8+ Kc7 54. Qxf7+ Rxf7 55. Ra8 1-0

[Event "FIDE Women's Grand Swiss 2023"]
[Site "Villa Marina, Douglas, Isle of Man, Isle Of Man"]
[Date "2023.10.28"]
[Round "4.23"]
[White "Lee, Alice"]
[Black "Terbe, Julianna"]
[Result "0-1"]
[TimeControl "40/90 + 30 + 30s/move"]
[WhiteFideId "30941822"]
[BlackFideId "708780"]
[WhiteElo "2388"]
[BlackElo "2266"]

1. d4 g6 2. c4 Bg7 3. Nf3 d6 4. Nc3 e5 5. dxe5 dxe5 6.
Qxd8+ Kxd8 7. Bg5+ f6 8. O-O-O+ Nd7 9. Be3 c6 10. Ne4 Kc7 11. Nd6 Ne7 12. g3 Nb6 13. Nxc8 Nexc8 14. Bh3 f5 15.
b3 Re8 16. Rd2 a5 17. a4 Nd7 18. Rhd1 Ncb6 19. Ng5 Bf8 20. Nxh7 Bb4 21. Rc2 Nc5 22. Kb2 Ne4 23. Bg2 Rh8 24.
Ng5 Nxg5 25. Bxg5 Rxh2 26. Rg1 Bc5 27. e3 Rh5 28. Bh4 Nd7 29. Bf3 Rh7 30. Bg5 Bb4 31. e4 Nc5 32. Re2 Re8 33.
Rd1 Rh2 34. exf5 gxf5 35. Be3 e4 36. Bf4+ Kb6 37. g4 Rhh8 38. gxf5 exf3 39. Rxe8 Rxe8 40. f6 Re2+ 41. Kb1 Ne4 42.
c5+ Bxc5 43. Be3 Bxe3 44. fxe3 Nxf6 0-1